[Event "Late-Titled-Tuesday-Blitz-July-09-2024"]
[Site "Chess.com"]
[Date "2024.07.09"]
[Round "3"]
[White "ExchangeAB"]
[Black "SoCalJuniorChess"]
[Result "1-0"]
[WhiteElo "2460"]
[BlackElo "2272"]
[TimeControl "180+1"]
[EndTime "14:27:12 PDT"]
[Termination "ExchangeAB won by resignation"]

1. d4 Nf6 2. Nf3 c5 3. c3 d5 4. dxc5 e6 5. b4 a5 6. Bb2 b6 7. e3 bxc5 8. b5 c4 9. a4 Nbd7 10. Be2 Nb6 11. O-O Bd6 12. Qc2 e5 13. Nbd2 O-O 14. e4 Bb7 15. exd5 Nfxd5 16. Nxc4 Nxc4 17.
Bxc4 Rc8 18. Bd3 Nxc3 19. Bxc3 Bb4 20. Bxh7+ Kh8 21. Qf5 Bxc3 22. Qh3 g6 23. Bxg6+ Kg7 24. Rad1 fxg6 25. Rxd8 Rcxd8 26. Ng5 Bd4 27. Ne6+ Kf6 28. Nxd8 Rxd8 29. Qh4+ g5 30. Qh6+ Kf5 31. Qh7+ Kf6 32.
Qxb7 1-0

[Event "Late-Titled-Tuesday-Blitz-July-09-2024"]
[Site "Chess.com"]
[Date "2024.07.09"]
[Round "3"]
[White "ncofre98"]
[Black "Chessbard1972"]
[Result "0-1"]
[WhiteElo "2538"]
[BlackElo "2282"]
[TimeControl "180+1"]
[EndTime "14:27:17 PDT"]
[Termination "Chessbard1972 won by resignation"]

1. e4 c5 2. Nf3 Nc6 3. Bb5 g6 4. O-O Bg7 5. Re1 e5 6. c3 Nge7 7. Na3 O-O 8. Nc4 d6 9. Ne3 a6 10. Bc4 b5 11. Bf1 h6 12. a4 Be6 13.
axb5 axb5 14. Rxa8 Qxa8 15. Bxb5 f5 16. d3 f4 17. Nf1 g5 18. h3 Kh8 19. Bc4 Bd7 20. Nxg5 Qe8 21. Ne6 Rf6 22. Nxg7 Kxg7 23. Nh2 Rg6 24. Kh1 Rg5 25. Rg1 Ng6 26. Nf3 Rh5 27. Nd4 Nh4 28. Nxc6 Bxc6 29. Qg4+ Kh8 30. g3 Bd7 31. gxh4 Bxg4 32. Rxg4 Qe7 33. Kg2 Rxh4 34.
Rg6 Rh5 35. f3 Rg5+ 0-1

[Event "Late-Titled-Tuesday-Blitz-July-09-2024"]
[Site "Chess.com"]
[Date "2024.07.09"]
[Round "3"]
[White "ritanovikova"]
[Black "Kyrko_Gamba"]
[Result "0-1"]
[WhiteElo "2146"]
[BlackElo "2525"]
[TimeControl "180+1"]
[EndTime "14:27:19 PDT"]
[Termination "Kyrko_Gamba won by resignation"]

1. e4 b6 2. d4 Bb7 3. Nc3 e6 4. Nf3 Bb4 5. Bd3 Nf6 6. e5 Ne4 7. Bxe4 Bxe4 8. O-O Bb7 9. Bg5 Be7 10. Bxe7 Qxe7 11. d5 Na6 12. a3 exd5 13. Nxd5 Qe6 14. c4 O-O-O 15. b4 Qh6 16. Qd2 Qxd2 17. Nxd2 d6 18.
f4 dxe5 19. Ne7+ Kb8 20. Nf3 e4 21. Ng5 Rd2 22. Rf2 e3 23. Rxd2 exd2 24. Rd1 Re8 25. Rxd2 Rxe7 26. Rd8+ Bc8 27. Nf3 Kb7 28. Nd4 Rd7 29.
Rxd7 Bxd7 30. b5 Nc5 31. h3 Nd3 32. Nb3 Nxf4 33. c5 Bxb5 34. Nd4 Bd7 35. cxb6 axb6 36. Kf2 c5 37. Nc2 Nd5 38. Ne3 Nxe3 39. Kxe3 Kc6 40. g4 Be6 41. g5 Bd5 42. g6 fxg6 43. h4 h5 44. Kd2 Be6 45. Kc3 Bf5 0-1

[Event "Late-Titled-Tuesday-Blitz-July-09-2024"]
[Site "Chess.com"]
[Date "2024.07.09"]
[Round "3"]
[White "MikeSailer"]
[Black "malakismayil"]
[Result "0-1"]
[WhiteElo "2104"]
[BlackElo "2522"]
[TimeControl "180+1"]
[EndTime "14:27:20 PDT"]
[Termination "malakismayil won by checkmate"]

1. d4 d5 2. Nf3 Nf6 3. Bf4 Bf5 4. e3 e6 5. c4 Bb4+ 6. Nc3 O-O 7. a3 Bxc3+ 8.
bxc3 Ne4 9. Qb3 b6 10. Be2 Nc6 11. cxd5 exd5 12. O-O Na5 13. Qb4 Rc8 14. Rfc1 c5 15.
dxc5 Nxc5 16. Nd4 Bd3 17. Bg4 f5 18. Bf3 Nc4 19. Rd1 a5 20. Qb5 Nxa3 21. Qb2 Nc4 22. Qa2 Be4 23. Be2 g5 24. Bg3 f4 25. exf4 gxf4 26. Bxc4 fxg3 27. Bf1 Rxf2 28. Qa3 Qh4 29. hxg3 Qxg3 30. Ra2 Rcf8 31. Rdd2 Rxf1# 0-1

[Event "Late-Titled-Tuesday-Blitz-July-09-2024"]
[Site "Chess.com"]
[Date "2024.07.09"]
[Round "3"]
[White "Itay121"]
[Black "LordIron"]
[Result "1-0"]
[WhiteElo "2522"]
[BlackElo "2333"]
[TimeControl "180+1"]
[EndTime "14:27:22 PDT"]
[Termination "Itay121 won on time"]

1. e4 g6 2. d4 Bg7 3. h4 h5 4.
Nc3 a6 5. a4 b6 6. Bc4 e6 7. Nf3 Ne7 8. O-O d5 9. Bb3 dxe4 10.
Nxe4 Bb7 11. Re1 O-O 12. Bg5 Nd7 13. Qd2 Kh7 14. Rad1 f6 15. Bxe6 fxg5 16. Nfxg5+ Kh8 17. Nf7+ Rxf7 18. Bxf7 Nf8 19. Ng5 Nf5 20. Bxg6 Qd5 21.
Nf7+ Kg8 22. Qg5 Nxg6 23. Ne5 Nxe5 24. dxe5 Qe6 25. Qxh5 Rf8 26. Qg4 Qe7 27. Qg5 Qxg5 28. hxg5 Nh4 29. Rd7 Bxg2 30. Red1 Be4 31. Rxc7 Bxe5 32.
Re7 Nf3+ 33. Kf1 Bxc2 34. Rdd7 1-0

[Event "Late-Titled-Tuesday-Blitz-July-09-2024"]
[Site "Chess.com"]
[Date "2024.07.09"]
[Round "3"]
[White "ivanquiroga"]
[Black "SocoLoco"]
[Result "1-0"]
[WhiteElo "2385"]
[BlackElo "2104"]
[TimeControl "180+1"]
[EndTime "14:27:23 PDT"]
[Termination "ivanquiroga won on time"]

1. d4 d5 2. Nf3 Nc6 3. g3 Bg4 4. Bg2 e6 5. O-O Nf6 6. c4 Be7 7. Nc3 O-O 8. Ne5 Bh5 9. Nxc6 bxc6 10. Bf4 Rb8 11. Qd2 c5 12. cxd5 exd5 13. dxc5 d4 14.
Na4 Re8 15. Rfe1 Bf8 16. Rad1 Ne4 17. Qxd4 Qxd4 18. Rxd4 Nxc5 19. Bxc7 Rbc8 20. Bf4 Nxa4 21. Rxa4 Rc2 22. Rxa7 Rxb2 23. Bd5 Bc5 24. Rb7 Rxb7 25. Bxb7 Rxe2 26. Rxe2 Bxe2 27. a4 Bc4 28. a5 Kf8 29. a6 Ke7 30. Be3 1-0

[Event "Late-Titled-Tuesday-Blitz-July-09-2024"]
[Site "Chess.com"]
[Date "2024.07.09"]
[Round "3"]
[White "saikrishnaReturns"]
[Black "ACollins05"]
[Result "1-0"]
[WhiteElo "2774"]
[BlackElo "2483"]
[TimeControl "180+1"]
[EndTime "14:27:24 PDT"]
[Termination "saikrishnaReturns won by resignation"]

1. Nf3 d5 2. g3 Nf6 3. Bg2 Bf5 4. O-O e6 5. d3 h6 6. Nbd2 Be7 7. Qe1 c6 8. e4 Bh7 9. Qe2 O-O 10. c3 a5 11. Ne1 a4 12. f4 a3 13. b3 Na6 14. g4 Nd7 15. f5 Bf6 16. d4 c5 17. e5 Bg5 18. Nef3 Bf4 19. fxe6 fxe6 20. Bxa3 Nc7 21. Bxc5 Nxc5 22. dxc5 Qe7 23. b4 Ra3 24. Nb3 Be4 25. Nfd4 Bxg2 26. Kxg2 Qg5 27. c6 bxc6 28. Nxc6 Qh4 29. Kg1 d4 30. Ncxd4 h5 31. gxh5 Raa8 32. Nc5 Nd5 33. Ncxe6 Be3+ 34. Kh1 Qe4+ 35. Qg2 Rxf1+ 36. Rxf1 Nxc3 37. Qxe4 Nxe4 38. Nf5 Bd2 39. b5 Rxa2 40. Nd6 Nc3 41. b6 Rb2 42. b7 Be3 43.
Rf8+ 1-0

[Event "Late-Titled-Tuesday-Blitz-July-09-2024"]
[Site "Chess.com"]
[Date "2024.07.09"]
[Round "3"]
[White "petr577"]
[Black "mbachez"]
[Result "0-1"]
[WhiteElo "2413"]
[BlackElo "2615"]
[TimeControl "180+1"]
[EndTime "14:27:24 PDT"]
[Termination "mbachez won on time"]

1. d4 Nf6 2. c4 Nc6 3. Nf3 e6 4. Nc3 Bb4 5. Qc2 O-O 6. Bg5 h6 7. Bh4 d5 8. e3 g5 9. Bg3 Ne4 10. Bd3 f5 11. cxd5 exd5 12. Bxe4 fxe4 13. Ne5 Be6 14.
O-O Bd6 15. Nxc6 bxc6 16. Na4 Qe8 17. Rac1 Bd7 18. Nc5 Bxc5 19. Qxc5 Qd8 20. Rc3 Rf7 21. Ra3 a6 22. Rc1 Be8 23. Rb3 Qc8 24. Qb4 Qf5 25. Qb7 Rc8 26. Ra3 h5 27. Rf1 h4 28. Be5 h3 29. f4 hxg2 30. Kxg2 Bd7 31. Kf2 Qh3 32. Rg1 Qxh2+ 33. Rg2 Qh4+ 34. Ke2 Bg4+ 35. Kd2 Qh3 36. Rf2 Qg3 37. Ke1 Rh7 0-1

[Event "Late-Titled-Tuesday-Blitz-July-09-2024"]
[Site "Chess.com"]
[Date "2024.07.09"]
[Round "3"]
[White "MarcoRiehle"]
[Black "ozates"]
[Result "1-0"]
[WhiteElo "2859"]
[BlackElo "2632"]
[TimeControl "180+1"]
[EndTime "14:27:25 PDT"]
[Termination "MarcoRiehle won by resignation"]

1. e4 c5 2. a3 Nc6 3. b4 cxb4 4.
axb4 Nxb4 5. d4 e6 6. c3 Nc6 7.
d5 Ne5 8. f4 Ng6 9. d6 e5 10.
f5 Qh4+ 11. Kd2 Qxe4 12. fxg6 Qxg6 13. Nf3 Bxd6 14. Ba3 Ne7 15. Bxd6 Qxd6+ 16. Kc1 Qc7 17. Bd3 d5 18. Bb5+ Kf8 19. Rf1 Bg4 20. Ng5 Bf5 21. g4 Qb6 22. gxf5 Qxb5 23. f6 gxf6 24. Rxf6 Rc8 25.
Rxf7+ Ke8 26. Qh5 Kd8 27. Rxe7 Kxe7 28. Qf7+ Kd6 29. Qe6+ Kc7 30. Qxe5+ Kb6 31. Ne6 Qf1+ 32. Kc2 Qf2+ 33. Nd2 Qc5 34. Nxc5 1-0

[Event "Late-Titled-Tuesday-Blitz-July-09-2024"]
[Site "Chess.com"]
[Date "2024.07.09"]
[Round "3"]
[White "Flawless_Fighter"]
[Black "Bugcrusher"]
[Result "1-0"]
[WhiteElo "2769"]
[BlackElo "2473"]
[TimeControl "180+1"]
[EndTime "14:27:25 PDT"]
[Termination "Flawless_Fighter won by resignation"]

1. c4 Nf6 2. g3 e6 3. Bg2 d5 4. cxd5 exd5 5. Nf3 Bd6 6. O-O O-O 7. d4 c6 8. Nc3 Bf5 9. Bf4 h6 10. Bxd6 Qxd6 11.
Qb3 Nbd7 12. e3 Nb6 13. a4 Nc4 14. a5 b5 15. Qa2 Bg4 16. b3 Bxf3 17. Bxf3 b4 18.
bxc4 bxc3 19. c5 Qd7 20. Rfc1 Ne4 21. Bxe4 dxe4 22. Rxc3 Qh3 23. Rb1 Rad8 24. Qc2 Rfe8 25. Rcb3 Qg4 26. Qd1 Qh3 27. Qf1 Qf5 28. Rb7 Rd7 29. a6 Ree7 30. Rxd7 Rxd7 31. Rb7 Qd5 32. Qb1 Kh7 33. Rxd7 Qxd7 34. Qxe4+ g6 35. Qf4 Kg7 36. Qe5+ Kh7 37. Qb8 Kg7 38. Qb7 Qd5 39. Qxa7 Qa2 40. Qb7 Qa1+ 41. Kg2 Qd1 42. a7 h5 43. a8=Q h4 44. Qxc6 Qg4 45. h3 1-0

[Event "Late-Titled-Tuesday-Blitz-July-09-2024"]
[Site "Chess.com"]
[Date "2024.07.09"]
[Round "3"]
[White "ElDivis"]
[Black "baki83"]
[Result "0-1"]
[WhiteElo "2537"]
[BlackElo "2830"]
[TimeControl "180+1"]
[EndTime "14:27:28 PDT"]
[Termination "baki83 won by resignation"]

1. e4 c5 2. Nc3 Nc6 3. Nf3 e6 4.
d4 cxd4 5. Nxd4 Qc7 6. g3 h5 7.
Bg2 h4 8. O-O hxg3 9. hxg3 a6 10. Nxc6 bxc6 11. Re1 e5 12. Na4 Nf6 13. c4 d6 14. c5 dxc5 15. Be3 Be7 16. Rc1 Rb8 17.
Bxc5 Bxc5 18. Rxc5 O-O 19. Qc2 Rd8 20. Rxc6 Qa5 21.
Nc3 Bb7 22. Rc4 Rd4 23. Qe2 Rbd8 24. Rxd4 exd4 25. Nd5 Bxd5 26. exd5 Re8 27. Qxe8+ Nxe8 28. Rxe8+ Kh7 29. d6 Qb5 30. Re7 Qb4 31. Be4+ Kh6 32. Rxf7 Qe1+ 33. Kh2 Qxe4 34. Rf4 Qd5 35. Rh4+ Kg6 0-1

[Event "Late-Titled-Tuesday-Blitz-July-09-2024"]
[Site "Chess.com"]
[Date "2024.07.09"]
[Round "3"]
[White "WindWhistler11"]
[Black "OriTaichman"]
[Result "1-0"]
[WhiteElo "2480"]
[BlackElo "2704"]
[TimeControl "180+1"]
[EndTime "14:27:28 PDT"]
[Termination "WindWhistler11 won by resignation"]

1. Nf3 Nf6 2. g3 g6 3. b3 Bg7 4. Bb2 O-O 5. Bg2 d6 6. d4 e5 7. dxe5 Nfd7 8. Qc1 dxe5 9. O-O e4 10. Nfd2 f5 11.
Nc4 b5 12. Ne3 Bb7 13. Nc3 c6 14. Rd1 Qc7 15. a4 a6 16. axb5 axb5 17. Rxa8 Bxa8 18. Qa1 Bb7 19. Nxb5 Bxb2 20. Nxc7 Bxa1 21. Rxa1 Nc5 22. b4 Nca6 23. Nxa6 Nxa6 24. c3 Kf7 25. Nc4 Rd8 26.
Na5 Ba8 27. e3 c5 28. Bf1 Rd6 29. Nc4 Re6 30. b5 Nc7 31. b6 Na6 32. Rxa6 Bd5 33. b7 Bxb7 34. Ra7 Re7 35. Rxb7 1-0

[Event "Late-Titled-Tuesday-Blitz-July-09-2024"]
[Site "Chess.com"]
[Date "2024.07.09"]
[Round "3"]
[White "manitodeplomo"]
[Black "sari07"]
[Result "1-0"]
[WhiteElo "2612"]
[BlackElo "2393"]
[TimeControl "180+1"]
[EndTime "14:27:28 PDT"]
[Termination "manitodeplomo won by resignation"]

1. d4 Nf6 2. c4 c5 3. d5 e6 4. Nc3 exd5 5. cxd5 d6 6. e4 g6 7. h3 Bg7 8. Nf3 O-O 9. Bd3 a6 10. a4 Re8 11. O-O Nbd7 12. Re1 Qc7 13. Bf4 Nh5 14. Bh2 Ne5 15. Be2 Qe7 16. Nxe5 Bxe5 17.
Bxh5 Bxh2+ 18. Kxh2 Qe5+ 19. g3 Qxh5 20. Qxh5 gxh5 21.
f4 f6 22. Rab1 Bd7 23. b4 Rac8 24. b5 a5 25. Rbd1 Kf7 26. Rc1 Re7 27. Re3 Ree8 28.
Rce1 b6 29. e5 fxe5 30. fxe5 dxe5 31. Rxe5 Kf6 32. R5e4 Kg6 33. Re7 Kf6 34. d6 Rxe7 35. Rxe7 Be6 36. Ne4+ Ke5 37. Ng5 Kf6 38. Nxh7+ Ke5 39.
Ng5 Kf6 40. Nxe6 1-0

[Event "Late-Titled-Tuesday-Blitz-July-09-2024"]
[Site "Chess.com"]
[Date "2024.07.09"]
[Round "3"]
[White "Romadk"]
[Black "hakanazeri2"]
[Result "0-1"]
[WhiteElo "2454"]
[BlackElo "2679"]
[TimeControl "180+1"]
[EndTime "14:27:29 PDT"]
[Termination "hakanazeri2 won by resignation"]

1. d4 Nf6 2. Nf3 d5 3. g3 c5 4. Bg2 cxd4 5. O-O a6 6. b3 g6 7. Bb2 Bg7 8. Nxd4 O-O 9. c4 dxc4 10. bxc4 Qc7 11. Qb3 Nbd7 12. Nc3 e5 13. Nf3 Nc5 14.
Qc2 Bf5 15. Qc1 Rad8 16. Rd1 Rxd1+ 17. Nxd1 Nfd7 18. Nc3 Be6 19. Ng5 Bxc4 20. Bd5 Bxd5 21. Nxd5 Qd6 22. Qd1 h6 23. Nf3 Rd8 24. Ne3 Qxd1+ 25. Rxd1 e4 26. Bxg7 exf3 27. Bf6 fxe2 28. Bxd8 exd1=Q+ 29. Nxd1 Na4 30. Be7 b5 31. Kf1 Ndb6 32.
Ke2 Nd5 33. Kd3 Nxe7 0-1

[Event "Late-Titled-Tuesday-Blitz-July-09-2024"]
[Site "Chess.com"]
[Date "2024.07.09"]
[Round "3"]
[White "Brown_Mamba24"]
[Black "Fraler15"]
[Result "1-0"]
[WhiteElo "2520"]
[BlackElo "2339"]
[TimeControl "180+1"]
[EndTime "14:27:29 PDT"]
[Termination "Brown_Mamba24 won on time"]

1. d4 d5 2. Nf3 e6 3. c4 Nf6 4. g3 c5 5. cxd5 exd5 6. Bg2 Nc6 7. O-O Be7 8. dxc5 Bxc5 9. a3 O-O 10.
b4 Bb6 11. Bb2 Ne4 12. Nc3 Be6 13. Na4 Bc7 14. Rc1 Qe7 15. Nd4 Nxd4 16. Qxd4 f6 17.
Bxe4 dxe4 18. Qxe4 Bd6 19. Nc5 Bh3 20. Qxe7 Bxe7 21. Rfd1 b6 22. Nd3 Rac8 23. Nf4 Rxc1 24. Rxc1 Bg4 25. f3 Bf5 26. e4 Bc8 27. Rc7 Bd6 28. Rxa7 Bxf4 29. gxf4 Bh3 30. Kf2 Rc8 31. Bd4 Rc2+ 32. Ke3 Bf1 33. Bxb6 Re2+ 34. Kd4 Rxh2 35. e5 fxe5+ 36. fxe5 Bh3 37. Bc5 h5 38. b5 Rb2 39. b6 1-0

[Event "Late-Titled-Tuesday-Blitz-July-09-2024"]
[Site "Chess.com"]
[Date "2024.07.09"]
[Round "3"]
[White "KorolDimitriy75"]
[Black "mamey78"]
[Result "0-1"]
[WhiteElo "2406"]
[BlackElo "2612"]
[TimeControl "180+1"]
[EndTime "14:27:30 PDT"]
[Termination "mamey78 won on time"]

1. d4 d5 2. c4 c6 3. Nc3 Nf6 4.
e3 e6 5. Nf3 Nbd7 6. Bd3 dxc4 7. Bxc4 b5 8. Be2 Bd6 9. e4 e5 10. O-O O-O 11. Bg5 Bb7 12. Re1 h6 13. Bh4 Re8 14.
dxe5 Nxe5 15. Nd4 b4 16. Nf5 Bf8 17. Qxd8 Raxd8 18. Bxf6 gxf6 19. Na4 Rd2 20. b3 c5 21. f3 Bc6 22. Ne3 Red8 23. Nc4 Rc2 24. Nab2 Nxc4 25. Nxc4 f5 26. exf5 Bg7 27. Rab1 Rxa2 28. Bf1 Bd4+ 29. Kh1 a5 30. h3 Bd5 31. Red1 a4 32. Nb6 Bxb3 33.
Re1 c4 34. Nxc4 Rc8 35. Ne5 Rcc2 0-1

[Event "Late-Titled-Tuesday-Blitz-July-09-2024"]
[Site "Chess.com"]
[Date "2024.07.09"]
[Round "3"]
[White "Lector118"]
[Black "alexrustemov"]
[Result "0-1"]
[WhiteElo "2670"]
[BlackElo "2886"]
[TimeControl "180+1"]
[EndTime "14:27:32 PDT"]
[Termination "alexrustemov won by resignation"]

1. d4 g6 2. Bf4 Bg7 3. Nc3 d6 4.
e4 Nc6 5. Nf3 Bg4 6. Be3 e5 7. d5 Nce7 8. Be2 Bd7 9. a4 a6 10. Nd2 f5 11. f3 Nf6 12. a5 O-O 13. O-O f4 14. Bf2 g5 15. Na4 h5 16. c4 g4 17. Kh1 g3 18. Bg1 gxh2 19. Bf2 Ng6 20.
c5 h4 21. Re1 h3 22. Bf1 hxg2+ 23. Bxg2 Nh5 24. Kxh2 Ng3 25. Nf1 Bf6 26. Nxg3 fxg3+ 27. Bxg3 Bh4 28. Rh1 Kg7 29. Bxh4 Qxh4+ 30. Kg1 Qg5 31. Qe2 Nf4 32. Qf1 Rh8 33. Rxh8 Rxh8 34. Kf2 Rh2 0-1

[Event "Late-Titled-Tuesday-Blitz-July-09-2024"]
[Site "Chess.com"]
[Date "2024.07.09"]
[Round "3"]
[White "Chessmatus"]
[Black "SuanTiltado"]
[Result "1-0"]
[WhiteElo "2526"]
[BlackElo "2364"]
[TimeControl "180+1"]
[EndTime "14:27:32 PDT"]
[Termination "Chessmatus won by resignation"]

1. e4 c6 2. d4 d5 3. e5 Bf5 4.
Bd3 Bxd3 5. Qxd3 e6 6. Ne2 c5 7.
c3 Qb6 8. O-O Nc6 9. Nd2 Nh6 10. Nf3 Nf5 11. Rb1 h5 12. Ng3 Nxg3 13.
fxg3 cxd4 14. cxd4 Rc8 15. a3 Be7 16. b4 h4 17.
gxh4 Bxh4 18. Rb2 Ne7 19. g3 Bxg3 20. hxg3 Nf5 21. Kg2 Rc4 22. Rbf2 Rf8 23. g4 Ne7 24.
Be3 Nc6 25. Nd2 Rxd4 26. Bxd4 Qxd4 27. Qxd4 Nxd4 28. Nf3 Nc6 29. b5 Na5 30. Ng5 Nc4 1-0

[Event "Late-Titled-Tuesday-Blitz-July-09-2024"]
[Site "Chess.com"]
[Date "2024.07.09"]
[Round "3"]
[White "TC2304"]
[Black "Hattori-Hanzo78"]
[Result "0-1"]
[WhiteElo "2346"]
[BlackElo "2581"]
[TimeControl "180+1"]
[EndTime "14:27:33 PDT"]
[Termination "Hattori-Hanzo78 won by resignation"]

1. d4 c5 2. d5 d6 3. e4 g6 4. Nf3 Bg7 5. Bb5+ Bd7 6. a4 Nf6 7. Qe2 O-O 8. O-O Qb6 9. Na3 Bxb5 10. axb5 a6 11. bxa6 Qxa6 12. Qxa6 Rxa6 13. Re1 b5 14. Bd2 b4 15. Nc4 Rxa1 16. Rxa1 Nxe4 17. Bf4 Nd7 18. Ra7 Rd8 19. Kf1 Kf8 20. h4 Nef6 21. Ne3 Nb6 22.
Ng5 h6 23. Nf3 Nbxd5 24. Nxd5 Nxd5 25. Bd2 f5 26. Ke2 Kf7 27. Ne1 Kf6 28. f3 g5 29.
hxg5+ hxg5 30. g4 f4 31. Nd3 Rh8 32. Nf2 Rh2 33. Kf1 Ke6 34. Ne4 Bf6 35. c4 Ne3+ 36.
Kg1 Rg2+ 37. Kh1 Re2 38. b3 Nf1 39. Kg1 Nxd2 40. Nf2 Bd4 0-1

[Event "Late-Titled-Tuesday-Blitz-July-09-2024"]
[Site "Chess.com"]
[Date "2024.07.09"]
[Round "3"]
[White "RantomOpening"]
[Black "Beaterawn"]
[Result "0-1"]
[WhiteElo "2578"]
[BlackElo "2435"]
[TimeControl "180+1"]
[EndTime "14:27:34 PDT"]
[Termination "Beaterawn won by checkmate"]

1. e4 c5 2. Nf3 e6 3. Nc3 a6 4. a3 b5 5. b4 cxb4 6. axb4 Bxb4 7.
Nxb5 Bb7 8. Nc3 Qc7 9. Bb2 Nf6 10. Bd3 O-O 11. Qe2 d5 12. e5 Nfd7 13. O-O Rc8 14. Bxh7+ Kxh7 15. Ng5+ Kg8 16. Qh5 Nf8 17. Ne2 Qxc2 18.
Qxf7+ Kh8 19. Nf4 Qf5 20. Qh5+ Kg8 21. g3 Be7 22. h4 Nbd7 23. Rac1 a5 24. Rxc8 Rxc8 25.
Rc1 Rxc1+ 26. Bxc1 Nxe5 27. Qe8 Bxg5 28. hxg5 Qb1 29. Nxe6 Qxc1+ 30. Kh2 Qa3 31. d4 Ng4+ 32. Kh3 Nxf2+ 33. Kg2 Ne4 34. Kf1 Qc1+ 35. Ke2 Qd2+ 36.
Kf3 Qd1+ 37. Ke3 Qe1+ 38. Kf3 Nd2+ 39. Kg4 Qe4+ 40. Kh3 Qf5+ 41. g4 Qf3+ 42. Kh4 Qf2+ 43. Kh3 Qf1+ 44. Kh4 Qh1+ 45. Kg3 Ne4+ 46. Kf4 Qh2+ 47.
Ke3 Qf2+ 48. Kd3 Qd2# 0-1

[Event "Late-Titled-Tuesday-Blitz-July-09-2024"]
[Site "Chess.com"]
[Date "2024.07.09"]
[Round "3"]
[White "JavierRuizVazquez"]
[Black "domithebest"]
[Result "1-0"]
[WhiteElo "2423"]
[BlackElo "2523"]
[TimeControl "180+1"]
[EndTime "14:27:35 PDT"]
[Termination "JavierRuizVazquez won by checkmate"]

1. e4 c6 2. Nc3 d5 3. d4 dxe4 4. Nxe4 Nf6 5. Ng5 Bf5 6. N1f3 Nbd7 7. Nxf7 Kxf7 8. Ng5+ Kg8 9. Bc4+ Nd5 10. Qf3 e6 11. g4 h6 12. gxf5 hxg5 13. fxe6 N7f6 14. Bxg5 Qd6 15. O-O-O Qxe6 16. Bxf6 Qxf6 17. Bxd5+ cxd5 18. Qxd5+ Qf7 19. Qa5 Rh5 20. Qa4 b5 21. Qa6 Qf6 22. Qb7 Qd8 23. Kb1 Rb8 24. Qf3 Rg5 25. h4 Rg6 26.
Qb3+ Kh8 27. h5 Rf6 28. Qe3 a5 29. Rdg1 b4 30. h6 gxh6 31. Qg3 Bd6 32. Qg7# 1-0

[Event "Late-Titled-Tuesday-Blitz-July-09-2024"]
[Site "Chess.com"]
[Date "2024.07.09"]
[Round "3"]
[White "TigrVShlyape"]
[Black "tgpgoat"]
[Result "1-0"]
[WhiteElo "2961"]
[BlackElo "2507"]
[TimeControl "180+1"]
[EndTime "14:27:38 PDT"]
[Termination "TigrVShlyape won by resignation"]

1. e4 c6 2. d4 d5 3. exd5 cxd5 4.
Bd3 Nf6 5. c3 g6 6. Nf3 Bg7 7. O-O O-O 8. Bf4 Nc6 9. h3 a6 10.
Nbd2 Bf5 11. Bxf5 gxf5 12. Ne1 b5 13. a3 e6 14. Nd3 Ne4 15. Nf3 Qb6 16. Nfe5 Nxe5 17.
Nxe5 Qb7 18. Nd3 Rfc8 19. f3 Nf6 20. g4 fxg4 21. fxg4 Ne4 22. Qf3 a5 23. Rae1 f6 24. Kh1 Qc6 25. Re2 Rf8 26. Bh2 Rae8 27. Rfe1 Re7 28.
Nf4 f5 29. Nh5 fxg4 30. Qxg4 Rf5 31. Bf4 Nf6 32. Nxf6+ Rxf6 33. Rg2 Rg6 34. Qh5 Qe8 35. Rxg6 hxg6 36. Qg4 e5 37. dxe5 Bxe5 38. Bxe5 Rxe5 39. Rxe5 Qxe5 40. Qxg6+ Kh8 41. Qd3 b4 42. axb4 axb4 43.
Qd4 Qxd4 44. cxd4 Kg7 45. Kg2 Kg6 46. Kg3 Kf5 47. h4 Ke4 48. h5 Kxd4 49. h6 Kc4 50. h7 Kb3 51. h8=Q Kc4 52. Kf3 d4 53. Ke4 Kb3 1-0

[Event "Late-Titled-Tuesday-Blitz-July-09-2024"]
[Site "Chess.com"]
[Date "2024.07.09"]
[Round "3"]
[White "marvinguevara"]
[Black "GilbertoHernandezAmura"]
[Result "0-1"]
[WhiteElo "2071"]
[BlackElo "2517"]
[TimeControl "180+1"]
[EndTime "14:27:38 PDT"]
[Termination "GilbertoHernandezAmura won on time"]

1. e4 e5 2. Nf3 Nc6 3. Bc4 Bc5 4. d3 d6 5. O-O h6 6. Nc3 a6 7. Be3 Ba7 8. h3 Nf6 9. Nd5 Nxd5 10. Bxd5 Ne7 11. Bxa7 Rxa7 12. Bb3 Ng6 13. d4 Qe7 14. dxe5 dxe5 15. Kh2 O-O 16. Qe2 Nf4 17. Qe3 Ra8 18.
Rad1 a5 19. a3 a4 20. Bc4 Ra5 21. Rfe1 Rc5 22. b3 axb3 23. cxb3 Rc6 24. Bf1 Rg6 25.
g3 Nh5 26. Rd5 Re6 27. Qc3 Qf6 28. Rc1 Rc6 29. Rc5 Rxc5 30. Qxc5 Qxf3 31. Bg2 Qe2 32.
Qxc7 Qxf2 33. Qd6 Qxg3+ 34. Kh1 Bxh3 35. Bxh3 Qxh3+ 36. Kg1 Qe3+ 0-1

[Event "Late-Titled-Tuesday-Blitz-July-09-2024"]
[Site "Chess.com"]
[Date "2024.07.09"]
[Round "3"]
[White "Ruprecht_der_Knecht"]
[Black "mind1mover"]
[Result "0-1"]
[WhiteElo "2524"]
[BlackElo "2823"]
[TimeControl "180+1"]
[EndTime "14:27:41 PDT"]
[Termination "mind1mover won by resignation"]

1. c4 f5 2. Nc3 Nf6 3. Nf3 e6 4. g3 d5 5. d4 Be7 6. Bg2 c6 7. Ne5 Ne4 8. O-O Nd7 9. cxd5 exd5 10. Bf4 O-O 11. e3 Nb6 12. h4 Be6 13. Nd3 Qe8 14. Rc1 h6 15. Be5 g5 16. hxg5 hxg5 17. f3 Nxc3 18.
Rxc3 Nd7 19. Kf2 Nxe5 20. Nxe5 f4 21. Rh1 fxg3+ 22. Kxg3 Bd6 23. Qd3 Bf5 24. e4 Bxe5+ 25. dxe5 Qxe5+ 26. Kf2 Bxe4 27. Qe3 d4 0-1

[Event "Late-Titled-Tuesday-Blitz-July-09-2024"]
[Site "Chess.com"]
[Date "2024.07.09"]
[Round "3"]
[White "SchmakAttack"]
[Black "Djager97"]
[Result "0-1"]
[WhiteElo "2858"]
[BlackElo "2659"]
[TimeControl "180+1"]
[EndTime "14:27:42 PDT"]
[Termination "Djager97 won by resignation"]

1. e4 e5 2. Nf3 Nc6 3. d4 exd4 4. Nxd4 Nf6 5. Nxc6 bxc6 6. e5 Qe7 7. Qe2 Nd5 8. c4 Ba6 9. b3 g6 10. a3 Bg7 11. f4 O-O 12. Qe4 f5 13. Qc2 Nb6 14. Bb2 d6 15. c5 Bxf1 16. Rxf1 dxe5 17. cxb6 exf4+ 18. Kd1 Rad8+ 19. Kc1 Qe3+ 20. Nd2 Bxb2+ 21. Qxb2 cxb6 22. Ra2 Rd3 23. Kb1 Rfd8 24. Nc4 Rd1+ 0-1

[Event "Late-Titled-Tuesday-Blitz-July-09-2024"]
[Site "Chess.com"]
[Date "2024.07.09"]
[Round "3"]
[White "VacheH009"]
[Black "JAN2404"]
[Result "1-0"]
[WhiteElo "2518"]
[BlackElo "2084"]
[TimeControl "180+1"]
[EndTime "14:27:42 PDT"]
[Termination "VacheH009 won on time"]

1. e4 c5 2. Nf3 d6 3. Nc3 Nc6 4. d4 cxd4 5. Nxd4 Nf6 6. f3 e5 7. Nb3 Be6 8. Be3 d5 9. exd5 Nxd5 10. Nxd5 Qxd5 11. Qxd5 Bxd5 12. c3 O-O-O 13. O-O-O Be7 14.
Bd3 Be6 15. Be4 Kc7 16. g4 b6 17. h4 h5 18. g5 g6 19. f4 Bd6 20. Rdf1 Bc4 21. Rf2 Rhe8 22. f5 gxf5 23. Rxf5 a5 24. Kb1 Rd7 25. Nd2 Be6 26. Rf2 a4 27. Rhf1 a3 28. b4 Bh3 29. Rc1 Na7 30. Nc4 Be6 31.
Nxb6 Rdd8 32. Nd5+ Bxd5 33. Bxd5 Nb5 34. Rxf7+ Be7 35.
c4 Nd4 36. Bxd4 exd4 37. Re1 Rd7 38. Kc2 Kd6 39. Re6+ Kc7 40. Kd3 Kd8 41. Bc6 1-0

[Event "Late-Titled-Tuesday-Blitz-July-09-2024"]
[Site "Chess.com"]
[Date "2024.07.09"]
[Round "3"]
[White "Marks1420"]
[Black "mouseslips_are_the_best"]
[Result "1-0"]
[WhiteElo "2543"]
[BlackElo "2293"]
[TimeControl "180+1"]
[EndTime "14:27:42 PDT"]
[Termination "Marks1420 won by checkmate"]

1. e4 e6 2. d4 d5 3. e5 c5 4. c3 Nc6 5. Nf3 Qb6 6. Be2 cxd4 7.
cxd4 Nge7 8. Nc3 Nf5 9. Kf1 Bd7 10. a3 Ncxd4 11. Be3 Nxe3+ 12. fxe3 Nf5 13. Qd2 Nxe3+ 14. Ke1 Nxg2+ 15. Kd1 Ne3+ 16. Ke1 Bc5 17. b4 Be7 18. Nd4 Nc4 19. Qf4 a5 20. Rf1 f5 21. b5 Bc5 22.
Nxf5 exf5 23. Nxd5 Qxb5 24. Nc7+ Ke7 25. Nxb5 Ne3 26. Qh4+ Kf7 27. Bc4+ Ke8 28. Nc7+ Kf8 29. Qg3 Nxf1 30. Kxf1 Rc8 31. e6 Bc6 32. Qe5 Be7 33.
Qxf5+ Bf6 34. Rd1 Rxc7 35. Rd8+ Be8 36. Bb5 Ke7 37. Qd5 g6 38. Qd6# 1-0